 Dungeon Crawl Stone Soup version 0.18-a0-1774-gce1f7b6 (webtiles) character file.

1514 SkaryMonk the Martial Artist (level 8, -12/48 HPs)
             Began as an Octopode Transmuter on Apr 15, 2016.
             Was a Believer of Dithmenos.
             Mangled by an ogre
             ... wielding a +0 giant club
              (27 damage)
             ... on level 7 of the Dungeon.
             The game lasted 00:24:18 (6878 turns).

SkaryMonk the Martial Artist (Octopode Transmuter)  Turns: 6878, Time: 00:24:19

Health: -12/48     AC:  1    Str:  9    XL:     8   Next: 83%
Magic:  11/11      EV: 12    Int: 18    God:    Dithmenos [**....]
Gold:   276        SH:  0    Dex: 16    Spells: 4 memorised, 0 levels left

rFire  . . .     SeeInvis .       - Unarmed
rCold  . . .     Gourm    .     (no shield)
rNeg   . . .     Faith    .     (helmet restricted)
rPois  .         Spirit   .     (no amulet)
rElec  .         Dismiss  .     i - ring of wizardry
rCorr  .         Reflect  .     x - +4 ring of dexterity
SustAt .         Harm     .     (no ring)
MR     .....                    (no ring)
Stlth  +++.......               (no ring)
                                (no ring)
                                (no ring)
                                (no ring)

@: appendage, wreathed by umbra, not resistant to hostile enchantments, fairly
stealthy
A: almost no armour, amphibious, 8 rings, constrict 8, tentacle spike 3,
camouflage 1, gelatinous body 1
a: End Transformation, Shadow Step, Renounce Religion


You were on level 7 of the Dungeon.
You worshipped Dithmenos.
Dithmenos was pleased with you.
You were hungry.
One of your tentacles had a temporary spike.
You visited 1 branch of the dungeon, and saw 7 of its levels.

You collected 276 gold pieces.

Notes
Turn   | Place    | Note
--------------------------------------------------------------
     0 | D:1      | SkaryMonk the Octopode Transmuter began the quest for the Orb.
     0 | D:1      | Reached XP level 1. HP: 13/13 MP: 3/3
   276 | D:1      | Reached XP level 2. HP: 15/18 MP: 1/5
   648 | D:2      | Found a shadowy altar of Dithmenos.
   665 | D:2      | Became a worshipper of Dithmenos the Shadowed
   668 | D:2      | Noticed Terence
   882 | D:2      | Found a glowing golden altar of the Shining One.
   921 | D:2      | Reached XP level 3. HP: 21/23 MP: 3/6
   935 | D:2      | Learned a level 2 spell: Sticks to Snakes
   939 | D:2      | Learned a level 3 spell: Spider Form
  2210 | D:2      | Killed Terence
  2210 | D:2      | Reached XP level 4. HP: 28/28 MP: 0/7
  2330 | D:3      | Reached * piety under Dithmenos
  2486 | D:3      | Noticed Jessica
  2507 | D:3      | Killed Jessica
  2532 | D:3      | Reached skill level 5 in Transmutations
  2532 | D:3      | Reached XP level 5. HP: 22/33 MP: 1/8
  3313 | D:3      | Found a deep blue altar of Sif Muna.
  3372 | D:3      | Reached XP level 6. HP: 31/38 MP: 9/9
  3575 | D:4      | Reached skill level 5 in Unarmed Combat
  3652 | D:4      | Found a white marble altar of Elyvilon.
  3770 | D:4      | Reached XP level 7. HP: 43/43 MP: 6/10
  3893 | D:4      | Found a bloodstained altar of Trog.
  4179 | D:5      | Entered Level 5 of the Dungeon
  4235 | D:5      | Reached ** piety under Dithmenos
  4634 | D:5      | Reached XP level 8. HP: 24/48 MP: 11/11
  4641 | D:5      | Learned a level 5 spell: Blade Hands
  5232 | D:5      | Found a shattered altar of Ashenzari.
  6878 | D:7      | Mangled by an ogre

Inventory:

Missiles
 a - 109 arrows
Jewellery
 i - a ring of wizardry (left tentacle)
 x - a +4 ring of dexterity (right tentacle)
Wands
 e - a wand of disintegration (13/24)
 m - a wand of paralysis (13/24)
Scrolls
 n - 2 scrolls of magic mapping
 p - a scroll of blinking {unknown}
 u - a scroll of recharging {unknown}
 w - a scroll of remove curse
 y - a scroll of amnesia {unknown}
Potions
 g - a potion of berserk rage
 h - 2 potions of curing
 j - 2 potions of might
 k - a potion of beneficial mutation {unknown}
 o - a potion of heal wounds {unknown}
 r - a potion of flight {unknown}
 s - a potion of agility {unknown}
Books
 b - a book of Changes

   Spells                             Type                      Level
   a - Beastly Appendage              Transmutation                1
   b - Sticks to Snakes               Transmutation                2
   c - Spider Form                    Transmutation/Poison         3
   d - Ice Form                       Ice/Transmutation            4
   e - Blade Hands                    Transmutation                5
 v - a book of Summonings

   Spells                             Type                      Level
   a - Recall                         Summoning/Translocation      3
   b - Aura of Abjuration             Summoning                    5
   c - Summon Demon                   Summoning                    5
   d - Summon Forest                  Summoning/Translocation      5
   e - Summon Mana Viper              Hexes/Summoning              5
   f - Shadow Creatures               Summoning                    6
Comestibles
 c - 3 bread rations
 d - 5 meat rations
 f - 8 fruits
 l - a beef jerky
 q - a slice of pizza

Table legend:
 A = Turns spent in this place as a percentage of turns spent in the entire game.
 B = Non-inter-level travel turns spent in this place as a percentage of non-inter-level travel turns spent in the entire game.
 C = Inter-level travel turns spent in this place as a percentage of turns spent in this place.
 D = Turns resting spent in this place as a percentage of non-inter-level travel turns spent in this place.
 E = Turns spent auto-exploring this place as a percentage of non-inter-level travel turns spent in this place.
 F = Non-inter-level travel turns spent in this place divided by the number of levels of this place that you've seen.
                   A       B       C       D       E      F
               +-------+-------+-------+-------+-------+----------------------
         Total | 100.0 | 100.0 |   0.6 |   3.3 |  12.0 | 225.3
       Dungeon | 100.0 | 100.0 |   0.6 |   3.3 |  12.0 | 225.3
               +-------+-------+-------+-------+-------+----------------------


   Skills:
 - Level 1.0 Fighting
 - Level 2.0 Dodging
 - Level 8.0 Unarmed Combat
 - Level 2.0 Spellcasting
 + Level 8.0 Transmutations


You couldn't memorise any spells.
You knew the following spells:

 Your Spells              Type           Power        Failure   Level  Hunger
a - Beastly Appendage     Trmt           ####..       1%          1    #......
b - Sticks to Snakes      Trmt           ####....     1%          2    ###....
c - Spider Form           Trmt/Pois      ###.......   4%          3    ###....
d - Blade Hands           Trmt           ####......   9%          5    ######.


Dungeon Overview and Level Annotations

Branches:
Dungeon (7/15)
 Temple: D:4-7

Altars:
Ashenzari
Dithmenos
Elyvilon
Sif Muna
Trog
The Shining One


Innate Abilities, Weirdness & Mutations

You cannot wear most types of armour.
You are amphibious.
You can wear up to eight rings at the same time.
You can use your tentacles to constrict eight enemies at once.
Your skin changes colour to match your surroundings (Stealth).
Your rubbery body absorbs attacks (AC +1).
One of your tentacles bears a large vicious spike.


Message History

You tentacle-slap the ogre but do no damage.
The ogre is lightly wounded.
The ogre hits you with a giant club!!
* * * LOW HITPOINT WARNING * * *
There is a stone staircase leading up here.
Read which item? (? for menu, Esc to quit)
Okay, then.
Drink which item? (? for menu, Esc to quit)
You can't drink that!
You tentacle-slap the ogre but do no damage.
You pierce the ogre, but do no damage.
The ogre is lightly wounded.
You bludgeon the ogre!
The ogre is moderately wounded.
The ogre misses you.
You barely miss the ogre.
You pierce the ogre, but do no damage.
The ogre is moderately wounded.
The ogre hits you with a giant club!!
Ouch! That really hurt!
You die...

# #.# ##
#.####### .#
#.......# .#
#######.######
.# #......# .#
######.# .#
#.# .# #O# ##
#@# ..... #.#
##### #.# #.#
#.# ..# ###


You could see an ogre.

Table legend:
 A = Kills in this place as a percentage of kills in entire the game.
 B = Kills by you in this place as a percentage of kills by you in the entire game.
 C = Kills by friends in this place as a percentage of kills by friends in the entire game.
 D = Other kills in this place as a percentage of other kills in the entire game.
 E = Experience gained in this place as a percentage of experience gained in the entire game.
 F = Experience gained in this place divided by the number of levels of this place that you have seen.
                   A       B       C       D       E      F
               +-------+-------+-------+-------+-------+----------------------
         Total | 100.0 | 100.0 | 100.0 |  -nan | 100.0 | 309.0
       Dungeon | 100.0 | 100.0 | 100.0 |  -nan | 100.0 | 309.0
               +-------+-------+-------+-------+-------+----------------------

Vanquished Creatures
  2 ogres
  A phantom (D:5)
  A centaur (D:6)
  2 giant frogs (D:6)
  A scorpion (D:6)
  2 howler monkeys (D:4)
  3 crimson imps
  2 giant frog zombies
  2 hounds
  4 orc priests
  Jessica (D:3)
  An iguana (D:5)
  9 orc wizards
  3 worker ants
  A worker ant zombie (D:5)
  3 gnolls (D:5)
  8 adders
  A shadow imp (D:7)
  An ooze (D:3)
  2 worms
  A dart slug (D:3)
  3 giant geckos
  20 orcs
  7 bats
  4 giant cockroaches
  6 goblins
  6 hobgoblins
  7 jackals
  A quokka (D:3)
  2 ball pythons
  A ball python skeleton (D:5)
  A giant cockroach zombie (D:5)
  A giant gecko zombie (D:6)
  7 giant newts
  5 kobolds
  6 rats
128 creatures vanquished.

Vanquished Creatures (collateral kills)
  Terence (D:2)
1 creature vanquished.

Grand Total: 129 creatures vanquished

Action                   |  1- 3 |  4- 6 |  7- 9 || total
-------------------------+-------+-------+-------++-------
Melee: Unarmed           |    94 |   108 |   211 ||   413
       Constrict         |    23 |    19 |    26 ||    68
       Kick              |    18 |    15 |    15 ||    48
       Tentacles         |    15 |    13 |    21 ||    49
       Punch             |     2 |       |     7 ||     9
 Cast: Beastly Appendage |    14 |     9 |    12 ||    35
       Sticks to Snakes  |     3 |     4 |       ||     7
       Spider Form       |       |     5 |     8 ||    13
  Use: Scroll            |     5 |     1 |     4 ||    10
       Potion            |     1 |       |       ||     1
 Stab: Distracted        |     1 |       |       ||     1
       Sleeping          |     3 |     6 |     6 ||    15
  Eat: Chunk             |     4 |     6 |     9 ||    19
       Pizza             |       |       |     1 ||     1
Armor: Skin              |     9 |     1 |     9 ||    19
Dodge: Dodged            |    66 |    51 |   125 ||   242

Vault maps used:
D:1:      lightli_arrival_chessboard
D:2:      nicolae_tso_swordbearing_angel, lemuel_doored_altar, uniq_terence
D:3:      marbit_many_paths, kennysheep_generic_room_8, uniq_jessica
D:4:      elyvilon_altar_5, lightli_temple_of_fire, first_bread, minivault_14
D:5:      cheibrodos_ashenzari_chains
D:7:      minmay_temple_entry_butterflies, serial_shops, shop
